 Dungeon Crawl Stone Soup version 0.23-a0-444-g76343ca (webtiles) character file.

221 sl00ts the Skirmisher (level 5, 0/88 HPs)
             Began as an Ogre Berserker on Nov 17, 2018.
             Was a Priest of Trog.
             Slain by a gnoll (1 damage)
             ... on level 4 of the Dungeon.
             The game lasted 00:05:18 (3914 turns).

sl00ts the Skirmisher (Ogre Berserker)              Turns: 3914, Time: 00:05:18

Health: 0/88       AC: 22    Str: 20 (22) XL:     5   Next: 98%
Magic:  5/5        EV:  1    Int: 12 (13) God:    Trog [***...]
Gold:   125        SH:  0    Dex:  7 (8)  Spells: 4/4 levels left

rFire    . . .     SeeInvis .   a - +0 mace
rCold    . . .     Gourm    .   (no shield)
rNeg     + + +     Faith    .   (armour currently unavailable)
rPois    +         Spirit   .   (helmet currently unavailable)
rElec    .         Reflect  .   (cloak currently unavailable)
rCorr    .         Harm     .   (gloves unavailable)
MR       .....     NoTele   +   (boots unavailable)
Stlth    +.........             (no amulet)
HPRegen  0.24/turn              (no ring)
MPRegen  0.09/turn              (no ring)

@: brilliant, tree-form (expiring), berserk cooldown, very slightly
contaminated, slowed, invisible, very slow
A: large, unfitting armour
a: Berserk, Trog's Hand, Renounce Religion


You were on level 4 of the Dungeon.
You worshipped Trog.
Trog was most pleased with you.
You were hungry.
You were a tree.
You visited 1 branch of the dungeon, and saw 4 of its levels.

You collected 125 gold pieces.

Inventory:

Hand Weapons
 a - a +0 mace (weapon)
Armour
 b - a +2 animal skin (melded)
Jewellery
 n - an uncursed ring of wizardry {unknown}
Scrolls
 c - 3 scrolls of magic mapping
 e - 2 scrolls of fear
 g - a scroll of identify
 h - 4 scrolls of teleportation
 k - a scroll of noise {unknown}
Potions
 f - a potion of agility {unknown}
 i - a potion of heal wounds {unknown}
 j - 2 potions of degeneration
Comestibles
 m - a ration


   Skills:
 + Level 5.8 Fighting
 * Level 5.0 Maces & Flails
 - Level 2.6 Dodging


You had 4 spell levels left.
You didn't know any spells.
Your spell library was empty.

Dungeon Overview and Level Annotations

Branches:
Dungeon (4/15)
 Temple: D:4-7

Altars:
Qazlal


Innate Abilities, Weirdness & Mutations

You are too large for most types of armour.
((You have tough skin. (AC +1)))


Message History

Your +2 animal skin melds into your body.
Your roots penetrate the ground.
The gnoll hits you but does no damage. x3
The gnoll hits you.
* * * LOW HITPOINT WARNING * * *
The gnoll completely misses you.
Unknown command.
It was a potion of flight.
Your roots keep you in place.
The gnoll hits you but does no damage. x2; The gnoll hits you.
* * * LOW HITPOINT WARNING * * *
The gnoll hits you.
* * * LOW HITPOINT WARNING * * *
It was a potion of invisibility.
You fade into invisibility!
The gnoll hits you but does no damage. x5
You are very lightly contaminated with residual magic.
It was a potion of brilliance.
You feel clever all of a sudden.
Your transformation is almost over.
You are feeling hungry.
The gnoll hits you but does no damage. The gnoll hits you.
You die...

..............>#
...................
..................#
######.....#...........#
...........#......#+#+##
...........#....... #.##
.......[...#.....## #.##
......g)...#...... #...
#..g♣...# ... #.##
#..g....##.#..####.#
#......(...#......<#
#.......#####.###.##
#.............#...#
#.......#.#####.###
#.......#.#####.#
#########.......#
#########


You could see 3 gnolls.

Vanquished Creatures
  An orc wizard (D:4)
  Terence (D:2)
  A hound zombie (D:3)
  A gnoll (D:4)
  4 adders
  4 oozes
  5 worms (D:2)
  3 leopard geckos
  5 orcs
  4 bats
  2 giant cockroaches
  6 goblins
  8 hobgoblins
  10 jackals
  3 kobolds
  A quokka (D:2)
  2 ball pythons
  5 frilled lizards
  7 rats
73 creatures vanquished.

Notes
Turn   | Place    | Note
-------+----------+-------------------------------------------
     0 | D:1      | sl00ts the Ogre Berserker began the quest for the Orb.
     0 | D:1      | Reached XP level 1. HP: 24/24 MP: 1/1
    32 | D:1      | Reached XP level 2. HP: 30/32 MP: 2/2
  1362 | D:2      | Reached XP level 3. HP: 38/40 MP: 3/3
  1388 | D:2      | Reached ** piety under Trog
  2014 | D:2      | Noticed Terence
  2030 | D:2      | Killed Terence
  2030 | D:2      | Reached skill level 5 in Fighting
  2030 | D:2      | Reached XP level 4. HP: 25/50 MP: 4/4
  2233 | D:2      | Found a stormy altar of Qazlal.
  2770 | D:3      | Reached XP level 5. HP: 57/57 MP: 5/5
  3283 | D:3      | Reached *** piety under Trog
  3492 | D:4      | Reached skill level 5 in Maces & Flails
  3911 | D:4      | HP: 4/88 [gnoll (3)]
  3912 | D:4      | HP: 1/88 [gnoll (3)]
  3914 | D:4      | Slain by a gnoll

Vault maps used:
D:1:      nicolae_arrival_memento_mori, minmay_cupped
D:2:      nicolae_qazlal_general_emergency, uniq_terence
D:4:      minmay_polygon_palace

Skill      XL: |  1  2  3  4  5 |
---------------+----------------+-----
Maces & Flails | 3 4 5 |  5.0
Fighting       | 5 |  5.8
Dodging        | |  2.6

Action                   |  1- 3 |  4- 6 || total
-------------------------+-------+-------++-------
Melee: Mace              |   122 |   124 ||   246
Invok: Berserk           |     2 |     3 ||     5
  Use: Scroll            |     3 |     4 ||     7
       Potion            |       |     5 ||     5
  Eat: Ration            |     1 |     3 ||     4
Armor: Animal skin       |    56 |    59 ||   115
       Skin              |       |    11 ||    11
Dodge: Dodged            |    89 |    90 ||   179

Table legend:
 A = Non-vault XP
 B = Vault XP
 C = Vault XP percentage of total XP
 D = Non-vault monster count
 E = Vault monster count
 F = Vault count percentage of total count
                 A         B        C        D         E       F
            +---------+---------+-------+---------+---------+-------
      Total |     276 |      41 |  12.9 |      68 |       5 |   6.8
            +---------+---------+-------+---------+---------+-------
        D:1 |      28 |       5 |  15.2 |      14 |       4 |  22.2
        D:2 |      93 |      36 |  27.9 |      25 |       1 |   3.8
        D:3 |      90 |       0 |   0.0 |      23 |       0 |   0.0
        D:4 |      65 |       0 |   0.0 |       6 |       0 |   0.0
            +---------+---------+-------+---------+---------+-------
